 Dungeon Crawl Stone Soup version 0.24.0 (webtiles) character file.

Game seed: 17734806799385444586, levelgen mode: deterministic

5905 Ayyar the Covert (level 10, -1/71 HPs)
             Began as an Octopode Assassin on Jan 30, 2020.
             Was a Believer of Dithmenos.
             Slain by a death yak (30 damage)
             ... on level 9 of the Dungeon on Jan 31, 2020.
             The game lasted 00:45:38 (10304 turns).

Ayyar the Covert (Octopode Assassin)               Turns: 10304, Time: 00:45:38

Health: -1/71      AC:  1    Str: 15    XL:     10   Next: 82%
Magic:  10/10      EV: 17    Int: 13    God:    Dithmenos [**....]
Gold:   487        SH:  0    Dex: 13    Spells: 2/9 levels left

rFire    + . .     SeeInvis .   k - +2 dagger (venom)
rCold    + . .     Gourm    .   (no shield)
rNeg     . . .     Faith    .   (helmet restricted)
rPois    .         Spirit   .   (no amulet)
rElec    .         Reflect  .   r - ring of protection from fire
rCorr    .         Harm     .   D - ring of protection from magic
MR       +....                  q - ring of protection from cold
Stlth    ++++++++..             (no ring)
HPRegen  0.21/turn              (no ring)
MPRegen  0.12/turn              (no ring)
                                (no ring)
                                (no ring)

@: wreathed by umbra
A: almost no armour, stealthy swim, amphibious, 8 rings, constrict 8, camouflage
1, gelatinous body 1
a: Shadow Step, Renounce Religion


You were on level 9 of the Dungeon.
You worshipped Dithmenos.
Dithmenos was pleased with you.
You were not hungry.

You visited 2 branches of the dungeon, and saw 10 of its levels.
You also visited: Ossuary.

You collected 487 gold pieces.

Inventory:

Hand Weapons
 k - a +2 dagger of venom (weapon)
 C - a +4 dagger
Missiles
 b - 33 poisoned darts (quivered)
 n - 2 curare-tipped darts
 F - a throwing net
Jewellery
 q - a ring of protection from cold (on tentacle)
 r - a ring of protection from fire (left tentacle)
 D - a ring of protection from magic (right tentacle)
Wands
 m - a wand of paralysis (8)
 p - a wand of iceblast (12)
Scrolls
 c - 2 scrolls of random uselessness {unknown}
 e - 3 scrolls of identify
 f - 5 scrolls of teleportation
 j - 3 scrolls of amnesia
 o - 2 scrolls of fog
 s - a scroll of fear {unknown}
 t - a scroll of enchant weapon {unknown}
 v - 4 scrolls of remove curse
 y - a scroll of immolation {unknown}
Potions
 a - a potion of haste {unknown}
 g - 3 potions of lignification
 h - 3 potions of heal wounds
 i - 5 potions of curing
 l - 3 potions of agility {unknown}
 u - 2 potions of mutation {unknown}
 w - a potion of brilliance {unknown}
 x - a potion of magic {unknown}
 z - 3 potions of flight
 A - a potion of degeneration {unknown}
 B - a potion of resistance {unknown}
 E - a potion of berserk rage {unknown}
Comestibles
 d - 16 rations


   Skills:
 + Level 7.0 Fighting
 + Level 7.6 Short Blades
 + Level 5.4 Throwing
 + Level 6.9 Dodging
 + Level 12.4 Stealth
 - Level 4.1 Poison Magic


You had 2 spell levels left.
You knew the following spells:

 Your Spells              Type           Power        Failure   Level  Hunger
a - Mephitic Cloud        Conj/Pois/Air  #.......     47%         3    ####...
b - Olgreb's Toxic Radia  Pois           ##......     50%         4    #####..

Your spell library contained the following spells:

 Spells                   Type           Power        Failure   Level  Hunger
 Sting                    Conj/Pois      #...         13%         1    ##.....
 Poisonous Vapours        Pois/Air       #.....       21%         2    ###....
 Flame Tongue             Conj/Fire      #....        30%         1    ##.....
 Throw Flame              Conj/Fire      #.....       43%         2    ###....
 Conjure Flame            Conj/Fire      #.......     67%         3    ####...
 Inner Flame              Hex/Fire       #.......     67%         3    ####...
 Sticky Flame             Conj/Fire      #.......     97%         4    #####..
 Venom Bolt               Conj/Pois      #.........   98%         5    ######.
 Fireball                 Conj/Fire      #.........   100%        5    ######.


Dungeon Overview and Level Annotations

Branches:
Dungeon (9/15)             Temple (1/1) D:5            Lair (0/6) D:9
    Orc (0/2) D:9         Ossuary (visited)

Altars:
Ashenzari
Cheibriados
Dithmenos
Elyvilon
Fedhas
Gozag
Hepliaklqana
Kikubaaqudgha
Makhleb
Nemelex Xobeh
Okawaru
Qazlal
Ru
Sif Muna
Trog
Uskayaw
Vehumet
Wu Jian
Xom
Yredelemnul
Zin
The Shining One

Shops:
D:6 [*   D:9 [(

Annotations:
D:4 Dowan, Duvessa


Innate Abilities, Weirdness & Mutations

You cannot wear most types of armour.
You are very stealthy in the water. (Stealth+)
You are amphibious.
You can wear up to eight rings at the same time.
You can use your tentacles to constrict eight enemies at once.
Your skin changes colour to match your surroundings (Stealth+).
Your rubbery body absorbs attacks. (AC +1, EV +1)


Message History

There is a stone staircase leading up here.
A death yak comes into view.
Found a scroll of identify.
Found a staircase to the Lair. 2 death yaks come into view.
Found a ring mail.
A death yak comes into view.
The helpless death yak fails to defend itself.
You spit the death yak like a pig!!!!
You kill the death yak!
Dithmenos accepts your kill.
Training target 4.0 for Poison Magic reached!
Your Fighting skill increases to level 7!
Your Poison Magic skill increases to level 4!
The death yak bellows! x4
The death yak gores you!! The death yak completely misses you.
The death yak gores you!!
There is a stone staircase leading up, spattered with blood here.
The death yak gores you!!
You die...

.......#.>....?
.......(........
.............#.
#
#............#.#
##.............
...####.Y.....#
. ##..##...#
.#.#..YY...##
.........@...#
............#.#
............# #
..............
...............
#....(#.......##
##.......#....#
....... .#...


You could see 3 death yaks.

Vanquished Creatures
  A hydra (D:8)
  A death yak (D:9)
  Grinder (D:5)
  2 dream sheep (D:8)
  Sigmund (D:6)
  2 yaks (D:8)
  Eustachio (D:4)
  Menkaure (Ossuary)
  Edmund (D:6)
  3 sky beasts
  A necrophage (D:6)
  An orc warrior (D:8)
  An ogre (D:5)
  A phantom (D:8)
  A centaur (D:8)
  4 big kobolds
  4 bullfrogs
  A gnoll sergeant (D:7)
  2 scorpions
  7 wights (D:6)
  2 howler monkeys (D:4)
  3 crimson imps
  A centaur zombie (D:6)
  2 bullfrog skeletons
  3 hounds
  A jelly (D:4)
  9 orc wizards
  2 centaur skeletons
  7 orc priests
  Crazy Yiuf (D:5)
  A gnoll shaman (D:8)
  Ijyb (D:3)
  Natasha (D:2)
  2 iguanas
  5 worker ants
  A hound zombie (D:9)
  3 mummies (Ossuary)
  4 adders
  7 gnolls
  4 shadow imps
  2 oozes
  3 worms
  2 dart slugs
  5 leopard geckos
  31 orcs
  A ball python (D:4)
  8 giant cockroaches
  6 gnoll zombies (Ossuary)
  6 goblins
  4 hobgoblins
  3 jackals (D:8)
  12 kobolds
  A quokka (D:3)
  6 bats
  3 frilled lizards
  6 gnoll skeletons (Ossuary)
  2 goblin skeletons (Ossuary)
  3 goblin zombies (Ossuary)
  5 hobgoblin skeletons (Ossuary)
  3 hobgoblin zombies (Ossuary)
  7 kobold skeletons (Ossuary)
  5 kobold zombies (Ossuary)
  A leopard gecko skeleton (D:5)
  A leopard gecko zombie (D:7)
  2 orc skeletons (Ossuary)
  An orc zombie (Ossuary)
  5 rats
  3 rat skeletons (Ossuary)
  6 rat zombies (Ossuary)
240 creatures vanquished.

Vanquished Creatures (others)
  A goblin zombie (Ossuary)
1 creature vanquished.

Grand Total: 241 creatures vanquished

Notes
Turn   | Place    | Note
-------+----------+-------------------------------------------
     0 | D:1      | Ayyar the Octopode Assassin began the quest for the Orb.
     0 | D:1      | Reached XP level 1. HP: 14/14 MP: 1/1
   314 | D:1      | Reached XP level 2. HP: 19/19 MP: 2/2
   351 | D:1      | Reached skill level 6 in Stealth
   673 | D:2      | Reached XP level 3. HP: 24/24 MP: 3/3
   915 | D:2      | Found a burning altar of Makhleb.
   923 | D:2      | Found a glowing silver altar of Zin.
   923 | D:2      | Noticed an Executioner
   923 | D:2      | Noticed an angel
  1307 | D:2      | Noticed Natasha
  1315 | D:2      | Killed Natasha
  1315 | D:2      | Reached skill level 7 in Stealth
  1315 | D:2      | Reached XP level 4. HP: 24/29 MP: 4/4
  1386 | D:2      | Found a shimmering altar of Xom.
  1437 | D:3      | Noticed Ijyb
  1441 | D:3      | Killed Ijyb
  1460 | D:3      | Reached XP level 5. HP: 32/34 MP: 5/5
  1493 | D:3      | Reached skill level 8 in Stealth
  1786 | D:3      | Found a burning altar of Makhleb.
  1859 | D:3      | Found a glowing golden altar of the Shining One.
  2080 | D:4      | Reached XP level 6. HP: 11/39 MP: 6/6
  2744 | D:4      | HP: 1/40 [iguana (6)]
  2878 | D:4      | Reached XP level 7. HP: 20/45 MP: 7/7
  3148 | D:4      | Reached skill level 9 in Stealth
  3738 | D:4      | Noticed Dowan
  3740 | D:4      | Noticed Duvessa
  3763 | D:4      | Noticed Eustachio
  3815 | D:4      | Killed Eustachio
  4450 | D:5      | Entered Level 5 of the Dungeon
  4457 | D:5      | Reached XP level 8. HP: 52/52 MP: 8/8
  4527 | D:5      | Noticed Grinder
  4529 | D:5      | Killed Grinder
  4546 | D:5      | Found a sand-covered staircase.
  4557 | Ossuary  | Entered an ossuary
  5201 | Ossuary  | Noticed Menkaure
  5206 | Ossuary  | Killed Menkaure
  5206 | Ossuary  | Reached skill level 5 in Short Blades
  5206 | Ossuary  | Reached skill level 10 in Stealth
  5766 | D:5      | Found a shattered altar of Ashenzari.
  5925 | D:5      | Found a stormy altar of Qazlal.
  6021 | D:5      | Found a staircase to the Ecumenical Temple.
  6036 | Temple   | Entered the Ecumenical Temple
  6336 | D:5      | Found a shadowy altar of Dithmenos.
  6434 | D:5      | Became a worshipper of Dithmenos the Shadowed
  6471 | D:5      | Found a runed translucent door.
  6472 | D:5      | Noticed Crazy Yiuf
  6507 | D:5      | Reached XP level 9. HP: 58/59 MP: 9/9
  6540 | D:5      | Killed Crazy Yiuf
  6597 | D:6      | Found an opulent altar of Gozag.
  6627 | D:6      | Noticed Edmund
  6631 | D:6      | Killed Edmund
  6631 | D:6      | Reached skill level 5 in Fighting
  6657 | D:6      | Reached skill level 5 in Dodging
  6674 | D:6      | Found Heygient's Antique Armour Shop.
  6911 | D:6      | Noticed Sigmund
  6984 | D:6      | Killed Sigmund
  6984 | D:6      | Reached skill level 11 in Stealth
  7321 | D:6      | Found Gozag's Platinum Reserve.
  7333 | D:6      | Reached * piety under Dithmenos
  7677 | D:6      | Found a sparkling altar of Nemelex Xobeh.
  7918 | D:6      | Found an ancient bone altar of Kikubaaqudgha.
  7962 | D:7      | Found a stormy altar of Qazlal.
  8057 | D:7      | Found an iron altar of Okawaru.
  8369 | D:7      | Found a hazy altar of Hepliaklqana.
  8587 | D:7      | Found a bloodstained altar of Trog.
  8787 | D:8      | Learned a level 3 spell: Mephitic Cloud
  8792 | D:8      | Learned a level 4 spell: Olgreb's Toxic Radiance
  8819 | D:8      | Reached ** piety under Dithmenos
  8866 | D:8      | Reached skill level 1 in Poison Magic
  8866 | D:8      | Reached XP level 10. HP: 39/68 MP: 10/10
  9099 | D:8      | Noticed a two-headed hydra
  9101 | D:8      | Reached skill level 12 in Stealth
  9104 | D:8      | Killed a two-headed hydra
  9104 | D:8      | Reached skill level 5 in Throwing
 10171 | D:9      | Found a bloodstained altar of Trog.
 10203 | D:9      | Found a staircase to the Orcish Mines.
 10203 | D:9      | Found Yrraik's Armour Emporium.
 10203 | D:9      | Found Voschusu's Weapon Emporium.
 10290 | D:9      | Noticed a death yak
 10291 | D:9      | Found a staircase to the Lair.
 10291 | D:9      | Noticed a death yak
 10293 | D:9      | Noticed a death yak
 10293 | D:9      | Noticed a death yak
 10294 | D:9      | Noticed a death yak
 10296 | D:9      | Killed a death yak
 10304 | D:9      | Slain by a death yak

Levels and vault maps discovered:
D:1:      tarquinn_simple_flora_water_a, layout_loops_ring
D:2:      layout_loops_ring, grunt_temple_overflow_order_and_chaos_2,
          nicolae_overflow_hidden_temple, patterned_corridor, uniq_natasha
D:3:      layout_loops_cross, tso_oasis_becter, first_ration, bloody_makhleb,
          uniq_ijyb
D:4:      cheibrodos_thug_alley, layout_basic, uniq_duvessa, uniq_eustachio
D:5:      layout_rooms, lemuel_doored_altar, grunt_dithmenos_smoke,
          nicolae_ashenzari_panopticon, minmay_temple_entry_offerings,
          enter_ossuary_2, uniq_crazy_yiuf_cottage, uniq_grinder
D:6:      layout_basic, lemuel_coloured_pillars_altar,
          nicolae_gozag_zags_fifth_avenue, lemuel_round_altar, serial_shops,
          kennysheep_mini, uniq_sigmund, uniq_edmund
D:7:      layout_rooms, okawaru_trees_2, kennysheep_mini_moat, basic_altar,
          nicolae_qazlal_general_emergency
D:8:      layout_cave_pods, hangedman_ranch [blue_anna_fruit_fields]
D:9:      minmay_goldmine, layout_cave_pools, bloody_trog, dpeg_lair_monsters,
          orc_david_3, enter_bailey_7, hellmonk_ghost_happy_afterlife
Temple:   compressed_dpeg_triangle_lava_temple
